 Dungeon Crawl Stone Soup version 0.27-a0-96-gb51a1d6fd6 (webtiles) character file.

Game seed: 2938811286681028194

405 Essalna the Magician (level 6, -4/32 HPs)
             Began as a Deep Elf Air Elementalist on Jan 20, 2021.
             Slain by Edmund
             ... wielding a +2 dire flail of protection
              (10 damage)
             ... on level 4 of the Dungeon.
             The game lasted 00:07:15 (3308 turns).

Essalna the Magician (Deep Elf Air Elementalist)    Turns: 3308, Time: 00:07:15

Health: -4/32      AC:  4    Str:  5    XL:     6   Next: 56%
Magic:  9/17       EV: 12    Int: 22    God:
Gold:   162        SH:  3    Dex: 15    Spells: 9/18 levels left

rFire    . . .     SeeInvis .   l - +0 short sword (venom)
rCold    . . .     Faith    .   q - +0 buckler
rNeg     . . .     Spirit   .   a - +0 robe
rPois    .         Reflect  .   (no helmet)
rElec    .         Harm     .   (no cloak)
rCorr    .         Rampage  .   s - +1 pair of gloves
Will     +....                  (no boots)
Stlth    ++........             i - amulet of regeneration
HPRegen  0.50/turn              e - ring of willpower
MPRegen  0.15/turn              (no ring)

@: no status effects
A: no striking features
a: no special abilities


You were on level 4 of the Dungeon.
You visited 1 branch of the dungeon, and saw 4 of its levels.

You collected 162 gold pieces.

Inventory:

Hand Weapons
 b - a +0 dagger
 l - a +0 short sword of venom (weapon)
Armour
 a - a +0 robe (worn)
 f - a cursed +0 leather armour
 q - a +0 buckler (worn)
 s - a +1 pair of gloves (worn)
Jewellery
 e - a ring of willpower (left hand)
 i - an amulet of regeneration (around neck)
 p - a cursed amulet of faith
Scrolls
 c - 8 scrolls of identify {unknown}
 d - a scroll of enchant armour {unknown}
 g - 3 scrolls of remove curse {unknown}
 o - a scroll of immolation {unknown}
 r - a scroll of random uselessness {unknown}
 t - a scroll of fog {unknown}
Potions
 h - 3 potions of haste {unknown}
 j - a potion of resistance {unknown}
 k - 2 potions of lignification {unknown}
 m - a potion of curing {unknown}
 n - a potion of might {unknown}


   Skills:
 - Level 2.4 Dodging
 - Level 2.4 Stealth
 + Level 6.6 Spellcasting
 - Level 3.0 Conjurations
 + Level 5.3 Air Magic


You had 9 spell levels left.
You knew the following spells:

 Your Spells              Type           Power        Failure   Level
a - Shock                 Conj/Air       100%         2%          1
b - Swiftness             Air            30%          2%          2
c - Airstrike             Air            15%          16%         4
d - Blink                 Tloc           N/A          22%         2

Your spell library contained the following spells:

 Spells                   Type           Power        Failure   Level
 Magic Dart               Conj           80%          4%          1
 Static Discharge         Conj/Air       25%          8%          3
 Mephitic Cloud           Conj/Pois/Air  19%          14%         3
 Call Imp                 Summ           7%           22%         2
 Slow                     Hex            7%           22%         2
 Conjure Flame            Conj/Fire      13%          24%         3
 Lightning Bolt           Conj/Air       12%          58%         5


Dungeon Overview and Level Annotations

Branches:
Dungeon (4/15)
 Temple: D:4-7

Altars:
Yredelemnul

Annotations:
D:4 Edmund


Message History

Aiming: Shock (safe; 2% risk of failure)
Press: ? - help, Q - select action, (/) - cycle Shift-Dir - straight line, f/p - Edmund
Aim: Edmund, wielding a +2 dire flail of protection and wearing a +0 chain mail (moderately wounded, 19% to evade)
The zap hits Edmund but does no damage.
Edmund is moderately wounded.
Edmund closely misses you.
Aiming: Shock (safe; 2% risk of failure)
Press: ? - help, Q - select action, (/) - cycle Shift-Dir - straight line, f/p - Edmund
Aim: Edmund, wielding a +2 dire flail of protection and wearing a +0 chain mail (moderately wounded, 19% to evade)
The zap hits Edmund but does no damage.
Edmund is moderately wounded.
Edmund hits you with a +2 dire flail of protection!
* * * LOW HITPOINT WARNING * * *
Aiming: Shock (safe; 2% risk of failure)
Press: ? - help, Q - select action, (/) - cycle Shift-Dir - straight line, f/p - Edmund
Aim: Edmund, wielding a +2 dire flail of protection and wearing a +0 chain mail (moderately wounded, 19% to evade)
The zap hits Edmund.
Edmund is heavily wounded.
Edmund hits you with a +2 dire flail of protection!
You die...

#..# #..#
#..# ##.#
#†## #>.#
##.## #@.#
#@.#
#####.##
#.....>#
#.######
#.# #.# #.#
#.#
#.#########


You could see Edmund.

Vanquished Creatures
  A bullfrog (D:4)
  A howler monkey (D:4)
  3 orc priests (D:3)
  2 worker ants (D:4)
  8 adders
  3 oozes (D:2)
  An adder skeleton (D:4)
  2 worms (D:2)
  2 dart slugs
  4 leopard geckos
  5 orcs (D:3)
  2 ball pythons
  6 bats
  4 giant cockroaches
  2 gnoll zombies (D:2)
  6 goblins
  3 hobgoblins
  2 jackals (D:2)
  3 quokkas
  3 frilled lizards
  9 kobolds
  6 rats
78 creatures vanquished.

Notes
Turn   | Place    | Note
-------+----------+-------------------------------------------
     0 | D:1      | Essalna the Deep Elf Air Elementalist began the quest for
                  | the Orb.
     0 | D:1      | Reached XP level 1. HP: 10/10 MP: 6/6
   242 | D:1      | Reached XP level 2. HP: 15/15 MP: 1/8
   948 | D:2      | Reached XP level 3. HP: 19/19 MP: 3/10
   951 | D:2      | Learned a level 2 spell: Swiftness
  1233 | D:2      | Reached skill level 4 in Spellcasting
  1365 | D:2      | Reached XP level 4. HP: 24/24 MP: 7/12
  1370 | D:2      | Learned a level 4 spell: Airstrike
  2087 | D:2      | Found a basalt altar of Yredelemnul.
  2346 | D:3      | Reached XP level 5. HP: 28/28 MP: 10/14
  2504 | D:3      | Reached skill level 5 in Spellcasting
  2595 | D:3      | Learned a level 2 spell: Blink
  3118 | D:4      | Reached skill level 6 in Spellcasting
  3118 | D:4      | Reached XP level 6. HP: 32/32 MP: 11/17
  3171 | D:4      | Reached skill level 5 in Air Magic
  3275 | D:4      | Noticed Edmund
  3308 | D:4      | Slain by Edmund

Illustrated notes

Levels and vault maps discovered:
D:1:      lightli_arrival_lavapool, layout_basic
D:2:      layout_basic, lemuel_zombie_altar_yredelemnul, st_stairs_13
D:3:      layout_rooms
D:4:      layout_basic, uniq_duvessa, uniq_edmund

Skill      XL: |  1  2  3  4  5  6 |
---------------+-------------------+-----
Conjurations   | 2 3 |  3.0
Spellcasting   | 4 6 |  6.6
Air Magic      | 4 5 |  5.3
Dodging        | |  2.4
Stealth        | |  2.4

Action                   |  1- 3 |  4- 6 || total
-------------------------+-------+-------++-------
Melee: Short sword       |       |    37 ||    37
 Cast: Shock             |    66 |   108 ||   174
       Airstrike         |       |     1 ||     1
 Stab: Sleeping          |       |     1 ||     1
Armor: Robe              |     1 |    11 ||    12
Dodge: Dodged            |     7 |    43 ||    50
Block: Buckler           |       |     4 ||     4

Table legend: (Time is in decaauts)
 A = Elapsed time spent in this place.
 B = Non-inter-level travel time spent in this place.
 C = Inter-level travel time spent in this place.
 D = Time resting spent in this place.
 E = Time spent auto-exploring this place.
 F = Levels seen in this place.
 G = Mean time per level.
                   A        B        C        D        E       F      G
               +--------+--------+--------+--------+--------+-----+--------+
         Total |   3310 |   3285 |     25 |      0 |   2850 |   4 |  827.5 |
       Dungeon |   3310 |   3285 |     25 |      0 |   2850 |   4 |  827.5 |
               +--------+--------+--------+--------+--------+-----+--------+

Top non-repeatable levels by time:
     D:2: 1519 daAuts
     D:1: 822 daAuts
     D:3: 661 daAuts
     D:4: 307 daAuts
